Unix NetHack Version 5.0.0-0 post-release - last build May 17 2026 04:57:42 (dc50c8380fa5e20985bfe3072449f57b8d9895ef,branch:main).

Game began 2026-05-20 07:33:46, ended 2026-05-20 11:57:06.

FutureTim, lawful female human Valkyrie

                                                        ---
                                                        |.                ----
                                                        |.-     ----     --..--
                                                        |<|     |..--    |.a%.|
                                                      ---.|     |...|    |-..--
                                                      |...|   ---..--    |...--
                                                      |..------....|    --....|
                                                      |.........|.--  ---....--
                                                      |.|.*..---|.|   |...a..|
                                                      -.|*...|  |.|   |......|
                                                      ..|...--  |.|   --....--
                                                      ......|   |.|   --.%..|
                                                      .....--   |.|   |.....---
                                                     ---..--    |.|   |.......|
                                                       |..      |.-----.......|
                                                       ---      |.......--..---
                                                                |..------|..|
                                                                ----     ----
FutureTim the Fighter       St:16 Dx:12 Co:18 In:9 Wi:9 Ch:8  Lawful
Dlvl:8  $:0  HP:0(79) Pw:12(12) AC:-1 Xp:8 T:3990 

Latest messages:
 The soldier ant misses!
 The soldier ant stings!
 The soldier ant misses!
 The soldier ant stings!
 You miss the soldier ant.
 The soldier ant misses!
 The soldier ant stings!
 The soldier ant bites!
 The soldier ant misses!
 You miss the soldier ant.
 The soldier ant bites!
 The soldier ant misses!
 The soldier ant misses!
 The soldier ant misses!
 You hit the soldier ant!
 The soldier ant misses!
 The soldier ant stings!
 You kill the soldier ant!
 Welcome to experience level 8.
 You see here a soldier ant corpse.
 What do you want to drink? [KQ or ?*] Q
 Gee!  All of a sudden, you can't see yourself.
 You miss the soldier ant.
 You hit the soldier ant!
 The soldier ant bites!
 The soldier ant stings!
 You kill the soldier ant!
 The soldier ant bites!
 The soldier ant stings!
 You miss the soldier ant.
 The soldier ant misses!
 The soldier ant just misses!
 You miss the soldier ant.
 The soldier ant bites!
 The soldier ant stings!
 The soldier ant's sting was poisoned!
 You miss the soldier ant.
 The soldier ant misses!
 The soldier ant misses!
 The soldier ant bites!
 The soldier ant misses!
 What do you want to put on? [kyI or ?*] <enter>
 Never mind.
 Are you sure you want to pray? [yn] (n) y
 You begin praying to Tyr.
 The soldier ant bites!
 The soldier ant just misses!
 The soldier ant bites!
 You die...
 Do you want your possessions identified? [ynq] (y) q

Inventory:
 Weapons  (')')
  R - 12 blessed +0 arrows
  H - a blessed +0 bow
  N - 9 blessed +0 darts
  a - a +1 spear (weapon in right hand)
 Armor    ('[')
  M - an uncursed +0 dwarvish iron helm (being worn)
  b - an uncursed +0 pair of iron shoes (being worn)
  c - an uncursed +3 small shield (being worn)
  S - an uncursed +0 ring mail (being worn)
 Comestibles  ('%')
  v - an uncursed tripe ration
 Scrolls  ('?')
  r - an uncursed scroll of create monster
  j - an uncursed scroll of destroy armor
  A - 2 uncursed scrolls of identify
  L - a cursed scroll of identify
  i - an uncursed scroll of light
 Spellbooks  ('+')
  g - an uncursed spellbook of slow monster
 Potions  ('!')
  K - an uncursed potion of gain ability
 Rings    ('=')
  k - a cursed -3 ring of increase accuracy
  y - an uncursed ring of slow digestion
 Wands    ('/')
  T - a wand of create monster (0:11)
  p - a wand of make invisible (0:6)
 Tools    ('(')
  x - an uncursed sack containing 1 item
  o - a magic harp (0:8)
  C - a cursed lock pick
  O - a cursed oil lamp (lit)
  U - a +0 pick-axe
  w - an uncursed skeleton key
  d - 7 blessed tallow candles
  I - an uncursed towel
 Gems/Stones  ('*')
  J - an uncursed aquamarine stone
  u - an uncursed chrysoberyl stone
  e - an uncursed obsidian stone
  l - an uncursed worthless piece of black glass
  m - an uncursed worthless piece of orange glass
  n - 3 uncursed worthless pieces of yellowish brown glass

Contents of the sack:
  an uncursed spellbook of slow monster

FutureTim the Valkyrie's attributes:

Background:
 You were a Fighter, a level 8 human Valkyrie.
 You were lawful, on a mission for Tyr
 who was opposed by Odin (neutral) and Loki (chaotic).
 You were right-handed.
 You were in the Gnomish Mines, on level 8.
 You entered the dungeon 3990 turns ago.
 You had 1314 experience points, 1246 more were needed to attain level 9.

Basics:
 You had 0 out of 79 hit points.
 You had all 12 energy points (spell power).
 Your armor class was -1.
 Your wallet was empty.
 Autopickup was off.

Final Characteristics:
 Your strength was 16 (peak:18/02, limit:18/100).
 Your dexterity was 12 (limit:18).
 Your constitution was 18 (limit:18).
 Your intelligence was 9 (limit:18).
 Your wisdom was 9 (limit:18).
 Your charisma was 8 (limit:18).

Final Status:
 You weren't hungry.
 You were unencumbered.
 You were wielding a spear.
 You had expert skill with spear.

Final Attributes:
 You were piously aligned.
 You were cold resistant.
 You were invisible.
 You were stealthy.
 You were warded.
 Your spell casting was impaired by metallic armor.
 You were fast.
 You were unlucky.
 You are dead.

Miscellaneous:
 You encountered 1 bones level.
 Total elapsed playing time was 1 hour, 51 minutes and 15 seconds.

Major events:
 Turn
    1: FutureTim the lawful human Valkyrie entered the dungeon
  551: attained the rank of Skirmisher (level 3)
  757: entered the Gnomish Mines
 1709: attained the rank of Fighter (level 6)
 2601: reached Mine Town
 3990: killed by a soldier ant, while praying

Spells:
 Name                 Level Category     Fail Retention
 slow monster           2   enchantment  100%  76%-100%

Skills:
 Fighting Skills
   bare handed combat [Unskilled]
   two weapon combat  [Unskilled]
   riding             [Unskilled]
 Weapon Skills
   dagger             [Basic]
   axe                [Unskilled]
   pick-axe           [Unskilled]
   short sword        [Unskilled]
   broadsword         [Unskilled]
   long sword         [Unskilled]
   two-handed sword   [Unskilled]
   saber              [Unskilled]
   hammer             [Unskilled]
   quarterstaff       [Unskilled]
   polearms           [Unskilled]
   spear              [Expert]
   trident            [Unskilled]
   lance              [Unskilled]
   sling              [Unskilled]
 Spellcasting Skills
   attack spells      [Unskilled]
   escape spells      [Unskilled]

Voluntary challenges:
 Character rerolling was not enabled.
 You never genocided any monsters.
 You never polymorphed an object.
 You used no wishes.
Achievements:
 You attained the rank of Skirmisher.
 You entered the Gnomish Mines.
 You attained the rank of Fighter.
 You entered Minetown.
 You entered a shop.
 You entered a temple.

 The Dungeons of Doom: levels 1 to 2
    Level 1:
       A fountain, a grave.
    Level 2:
       A sink.
       Stairs down to The Gnomish Mines.
 The Gnomish Mines: levels 3 to 8
    Level 3:
    Level 4:
    Level 5:
    Level 6:
       Many shops, a temple and an altar, some fountains, a sink.
    Level 7:
    Level 8: <- You were here.
       Final resting place for
          you, killed by a soldier ant, while praying,
          greengrass-Sam-Hum-Mal-Law, killed by a soldier ant.


Vanquished creatures:
  a small mimic
  a watchman
  2 wolves
  a spotted jelly
  a gnome ruler
  a dwarf leader
  a dust vortex
  a gnome mummy
  2 soldier ants
 an imp
  a mountain nymph
  a rock piercer
  2 fog clouds
  2 yellow lights
  a violet fungus
  8 gnome leaders
  4 gnomish wizards
  2 giant ants
  2 floating eyes
  a kitten
  2 dwarves
  a homunculus
  a giant bat
  6 monkeys
  4 orc zombies
  6 dwarf zombies
  a wererat
  2 werejackals
 an iguana
 an acid blob
  2 coyotes
  a gas spore
  a hobbit
  a hobgoblin
  6 cave spiders
  2 yellow molds
  a green mold
 41 gnomes
  3 garter snakes
  7 gnome zombies
  2 geckos
  2 jackals
  a kobold
  a goblin
  a sewer rat
  7 grid bugs
  a lichen
  6 kobold zombies
  a newt
148 creatures vanquished.

No species were genocided or became extinct.

Game over:
                       ----------
                      /          \
                     /    REST    \
                    /      IN      \
                   /     PEACE      \
                  /                  \
                  |    FutureTim     |
                  |       0 Au       |
                  |   killed by a    |
                  |   soldier ant    |
                  |                  |
                  |                  |
                  |       2026       |
                 *|     *  *  *      | *
        _________)/\\_//(\/(/\)/\//\/|_)_______

Farvel FutureTim the Valkyrie...

You died in The Gnomish Mines on dungeon level 8 with 5626 points,
and 0 pieces of gold, after 3990 moves.
You were level 8 with a maximum of 79 hit points when you died.

